Map: Eternal Empire LE

Players

antagomiR

  • Race: Protoss Protoss
  • League: Gold
  • Spawn Location: 1:00

AmbtiousAlex - Winner!

  • Race: Terran Terran
  • League: Gold
  • Spawn Location: 7:00

VOD

Have the link to the VOD?

Description

Time

  • Played on: April 11, 2020, 5:33 p.m.
  • Length: 16:42
Show
View Real Time Build Order
Export as new Build Order

antagomiR Protoss 

Build Orders:  

Get SALT Encoding   

  12  0:01  Probe  
  13  0:13  Probe  
  14  0:24  Pylon  
  14  0:25  Probe  
  15  0:42  Probe  
  16  0:44  Gateway  
  16  0:54  Probe  
  17  0:59  Assimilator  
  17  1:07  Probe  
  18  1:15  Assimilator  
  18  1:19  Probe  
  19  1:31  Probe  
  19  1:32  Cybernetics Core  
  19  1:43  Probe  
  20  1:53  Pylon  
  20  1:55  Probe  
  21  2:07  Probe  
  22  2:08  Warp Gate  
  22  2:11  Stalker  
  24  2:17  Robotics Facility  
  24  2:19  Probe  
  25  2:31  Probe  
  24  2:53  Nexus  
  24  2:55  Stalker (Chrono Boost)  
  24  2:57  Pylon  
  26  3:10  Probe  
  27  3:13  Observer  
  28  3:22  Probe  
  29  3:27  Shield Battery  
  29  3:34  Probe, Observer  
  31  3:41  Gateway x2  
  31  3:49  Probe  
  32  4:01  Probe, Sentry  
  35  4:14  Probe  
  35  4:15  Probe  
  37  4:25  Pylon  
  37  4:26  Probe  
  37  4:27  Probe  
  37  4:28  Assimilator  
  37  4:29  Pylon  
  39  4:33  Sentry, Assimilator  
  39  4:38  Probe  
  42  4:39  Probe  
  43  4:50  Probe  
  43  4:51  Probe  
  45  4:57  Twilight Council  
  45  5:02  Probe  
  45  5:03  Probe  
  47  5:14  Probe  
  47  5:15  Probe  
  47  5:17  Warp Prism  
  41  6:00  Stalker x3  
  47  6:04  Probe  
  47  6:05  Probe  
  49  6:12  Pylon  
  49  6:14  Pylon  
  49  6:16  Probe  
  49  6:17  Probe  
  47  6:35  Stalker x3  
  53  6:45  Forge  
  53  7:05  Zealot  
  53  7:06  Zealot x2  
  59  7:28  Protoss Ground Weapons Level 1 (Chrono Boost)  
  53  7:35  Photon Cannon  
  51  7:37  Immortal  
  55  7:47  Pylon x2  
  52  7:58  Stalker  
  52  7:59  Stalker  
  56  8:07  Stalker  
  50  8:38  Zealot x3  
  50  8:41  Probe x2  
  58  8:53  Probe x2  
  58  8:54  Templar Archives  
  60  9:05  Probe  
  61  9:27  Probe x2 (Chrono Boost)  
  63  9:37  Probe x2 (Chrono Boost)  
  65  9:42  Probe x2 (Chrono Boost), Immortal  
  71  9:53  Probe x2  
  73  10:05  Probe  
  73  10:08  Nexus  
  73  10:14  Pylon  
  74  10:21  Sentry x2, Observer  
  78  10:40  Shield Battery  
  78  10:41  Shield Battery  
  78  10:45  Probe x2  
  80  10:53  Assimilator  
  80  10:57  Probe, Assimilator  
  80  10:58  Probe  
  80  11:00  Pylon  
  80  11:01  High Templar  
  80  11:02  High Templar x2  
  88  11:10  Probe x2  
  90  11:23  Protoss Ground Weapons Level 2 (Chrono Boost)  
  88  11:25  Archon  
  88  11:37  Immortal  
  92  11:41  Probe x3  
  95  11:51  High Templar x3  
  95  11:53  Probe x2  
  103  11:55  Archon  
  103  11:56  Archon  
  103  12:10  Gateway  
  103  12:12  Gateway  
  103  12:14  Gateway  
  103  12:15  Gateway  
  103  12:16  Immortal  
  103  12:17  Gateway  
  103  12:20  Pylon  
  106  12:59  Photon Cannon  
  106  13:00  Photon Cannon  
  106  13:16  High Templar x5  
  106  13:17  High Templar x3  
  122  13:20  Archon x3  
  122  13:21  Archon  
  122  13:32  Stargate, Observer (Chrono Boost)  
  123  13:34  Stargate  
  123  13:36  Stargate  
  123  13:51  Photon Cannon  
  123  13:52  Photon Cannon  
  123  13:54  Shield Battery  
  122  14:06  High Templar x2  
  126  14:10  Zealot x3  
  126  14:11  Zealot x3  
  126  14:15  Archon  
  128  14:38  Stalker  
  128  14:39  Stalker x2  
  131  14:57  Pylon, High Templar  
  131  14:58  High Templar  
  135  15:02  Archon  
  135  15:25  Zealot x2  
  135  15:26  Zealot x2  
  135  15:27  Zealot  
  135  15:28  Zealot  
  147  15:40  Phoenix  
  149  15:50  Pylon  
  149  15:57  Pylon  
  149  16:01  Phoenix x2  
Show
View Real Time Build Order
Export as new Build Order

AmbtiousAlex Terran - Winner!

Build Orders: Liberator Opening, Reaper Expand 

Get SALT Encoding   

  12  0:00  SCV  
  13  0:12  SCV  
  14  0:17  Supply Depot  
  14  0:25  SCV  
  15  0:38  SCV  
  15  0:40  Barracks  
  16  0:44  Refinery  
  16  0:50  SCV  
  17  1:03  SCV  
  18  1:15  SCV  
  19  1:27  Reaper, Orbital Command  
  20  1:44  Command Center  
  20  1:51  Supply Depot  
  20  1:54  SCV  
  20  1:59  Marine  
  22  2:04  Refinery  
  22  2:07  SCV  
  23  2:15  Factory  
  23  2:19  SCV  
  23  2:22  Barracks Tech Lab  
  24  2:31  SCV  
  25  2:41  Marine  
  25  2:42  Stimpack  
  25  2:43  SCV  
  27  2:56  SCV  
  27  2:57  Orbital Command  
  28  3:00  Bunker  
  28  3:03  Marauder  
  30  3:08  SCV  
  31  3:13  Starport  
  31  3:22  SCV  
  31  3:27  SCV  
  31  3:32  Supply Depot  
  32  3:34  Marine  
  32  3:35  SCV  
  32  3:39  Hellion  
  36  3:41  SCV  
  36  3:47  SCV  
  38  3:50  Liberator  
  38  3:53  SCV  
  38  3:54  Marine  
  43  3:59  SCV  
  43  4:00  Supply Depot  
  46  4:02  Hellion  
  46  4:06  SCV  
  47  4:11  SCV  
  48  4:18  SCV, Refinery, Barracks  
  48  4:19  Barracks  
  48  4:23  Refinery  
  48  4:24  SCV, Marine  
  50  4:25  Combat Shield  
  50  4:30  SCV  
  52  4:36  SCV  
  53  4:42  SCV  
  54  4:48  SCV, Command Center  
  54  4:51  Marine  
  56  4:54  SCV, Liberator  
  60  5:05  SCV  
  61  5:08  SCV  
  62  5:16  Barracks Tech Lab  
  62  5:36  Supply Depot x3  
  62  5:57  SCV x2, Marine x2  
  66  6:09  SCV x2  
  66  6:10  Command Center  
  70  6:11  Concussive Shells, Marauder  
  70  6:13  Medivac  
  70  6:17  Engineering Bay, Barracks  
  72  6:18  Engineering Bay  
  72  6:21  SCV x2  
  72  6:23  Barracks Reactor  
  76  6:25  SCV, Marauder  
  77  6:34  SCV  
  77  6:37  SCV  
  77  6:39  Orbital Command  
  79  6:42  Refinery  
  79  6:46  SCV  
  80  6:47  Marauder x2  
  80  6:48  Terran Infantry Weapons Level 1  
  80  6:49  Terran Infantry Armor Level 1  
  84  6:55  SCV  
  84  6:57  Barracks  
  84  6:59  Ghost Academy  
  84  7:00  Starport Reactor  
  85  7:02  SCV  
  85  7:03  Marine  
  87  7:12  SCV  
  88  7:29  SCV  
  88  7:30  Orbital Command  
  88  7:33  Enhanced Shockwaves, Command Center  
  88  7:36  SCV  
  89  7:40  Supply Depot  
  89  7:41  Supply Depot  
  89  7:42  Supply Depot  
  89  7:45  Barracks Tech Lab  
  89  7:47  Barracks Tech Lab  
  89  7:51  SCV  
  89  7:56  Refinery  
  90  8:11  Missile Turret x2  
  90  8:12  Ghost x2, Missile Turret  
  92  8:13  Ghost, Missile Turret  
  92  8:14  Ghost, Marine x2  
  92  8:15  Medivac x2  
  104  8:34  SCV  
  104  8:35  Marine  
  104  8:36  Marine  
  104  8:37  SCV  
  108  8:42  Supply Depot x2, Ghost x2  
  108  8:43  Supply Depot  
  108  8:45  SCV  
  108  8:47  Armory  
  113  8:54  Command Center  
  113  8:57  SCV  
  113  8:58  Ghost, Marine x2  
  113  9:01  Medivac  
  120  9:05  SCV  
  121  9:10  SCV, Supply Depot  
  121  9:11  Orbital Command  
  121  9:12  SCV  
  121  9:17  SCV, Marine x2  
  123  9:18  Marauder  
  128  9:30  Marauder x3  
  134  9:33  Liberator x2  
  134  9:35  Terran Infantry Weapons Level 2  
  140  9:39  Orbital Command  
  140  9:43  Ghost  
  140  9:44  Marine  
  143  9:49  Terran Infantry Armor Level 2  
  143  9:50  Ghost  
  145  9:54  SCV  
  146  10:08  Marine x2  
  146  10:14  Orbital Command  
  148  10:15  Command Center, Starport  
  148  10:16  Starport, Barracks  
  148  10:18  Liberator x2  
  154  10:24  Marauder x4  
  154  10:26  Marine x2  
  164  10:43  Refinery  
  164  10:45  Marine  
  164  10:47  Marine x2  
  164  10:49  Marine x3  
  170  10:52  Starport Reactor x2, Command Center  
  170  11:10  Barracks  
  169  11:28  Orbital Command  
  169  11:48  Fusion Core  
  169  11:53  Terran Infantry Weapons Level 3  
  169  11:55  Command Center  
  169  11:58  Barracks Tech Lab  
  169  12:01  Barracks  
  169  12:03  Barracks Reactor  
  169  12:04  Terran Vehicle And Ship Armor Level 1  
  169  12:06  Terran Infantry Armor Level 3  
  169  12:08  Liberator x2  
  169  12:09  Liberator  
  169  12:10  Viking x2  
  182  12:19  Marine  
  182  12:20  Marine x6  
  189  12:24  Orbital Command  
  189  12:26  Unknown  
  189  12:37  Marine x3  
  192  12:45  Refinery  
  192  12:47  Command Center  
  192  12:56  Barracks Tech Lab  
  192  12:58  Advanced Ballistics  
  192  13:12  Barracks  
  192  13:16  Personal Cloaking  
  192  13:18  Orbital Command  
  192  13:20  Command Center  
  192  14:09  Terran Vehicle And Ship Armor Level 2  
  192  14:12  Planetary Fortress  
  192  14:13  Missile Turret  
  192  14:24  Refinery  
  192  14:26  Refinery  
  192  14:27  Weapon Refit  
  192  14:35  Missile Turret  
Tags
 
Add a new tag
Caveats
  • Supply blocks, unpowered buildings, or Contaminate may cause inaccurate times.
  • Supply counts are checked every 10 seconds.